Map: Interloper LE

Players

Franchise - Winner!

  • Race: Zerg Zerg
  • Spawn Location: 11:00

A.I. 1 (Harder)

  • Race: Zerg Zerg
  • Spawn Location: 5:00

VOD

Have the link to the VOD?

Description

Time

  • Played on: Sept. 14, 2017, 1:52 p.m.
  • Length: 11:54
Show
View Real Time Build Order
Export as new Build Order

Franchise Zerg - Winner!

Build Orders: Hatch First 

Get SALT Encoding   

  12  0:02  Drone  
  13  0:14  Overlord  
  13  0:21  Drone  
  14  0:33  Drone  
  14  0:34  Drone  
  16  0:42  Drone  
  17  0:57  Hatchery  
  17  1:00  Drone  
  17  1:01  Drone  
  18  1:23  Extractor  
  17  1:26  Drone x2, Spawning Pool  
  18  1:37  Drone  
  19  1:41  Overlord  
  19  1:52  Drone  
  20  2:03  Drone  
  21  2:13  Queen  
  21  2:14  Drone x2  
  25  2:16  Queen  
  27  2:25  Drone x2  
  29  2:36  Zergling x2  
  30  2:41  Zergling x2  
  30  2:43  Zergling x2  
  32  2:46  Metabolic Boost  
  32  2:49  Zergling x2  
  33  3:06  Drone x3  
  33  3:08  Overlord  
  36  3:17  Overlord  
  36  3:34  Queen  
  36  3:36  Drone x5  
  36  3:37  Drone x3  
  46  3:43  Lair  
  46  3:52  Baneling Nest  
  45  4:28  Zergling x14  
  52  4:32  Overlord x3  
  52  4:39  Hatchery  
  52  4:42  Centrifical Hooks  
  51  4:46  Drone  
  51  4:47  Extractor  
  51  4:48  Overlord  
  51  5:20  Evolution Chamber  
  50  5:23  Drone x11  
  50  5:24  Drone  
  50  5:25  Evolution Chamber  
  61  5:34  Queen  
  63  5:38  Drone x2  
  65  5:45  Baneling x5  
  65  5:47  Baneling  
  65  5:50  Zerg Ground Armor Level 1  
  65  6:00  Extractor  
  65  6:03  Queen  
  66  6:07  Spine Crawler  
  66  6:09  Spine Crawler  
  64  6:19  Roach Warren  
  63  6:28  Spine Crawler  
  63  6:30  Zergling x36  
  63  6:32  Spine Crawler  
  78  6:45  Zergling x6  
  70  7:40  Hatchery x2  
  68  7:50  Zerg Ground Armor Level 2  
  68  7:52  Zerg Melee Weapons Level 1  
  68  7:56  Glial Reconstitution  
  68  7:59  Roach x11  
  68  8:00  Overlord  
  68  8:01  Overlord x8  
  90  8:53  Roach x7  
  90  8:54  Roach x8  
  120  9:05  Drone x6  
  126  9:19  Roach x10  
  146  9:25  Ravager  
  147  9:33  Extractor  
  147  9:35  Extractor  
  147  9:37  Extractor  
  144  9:52  Infestation Pit  
  143  9:59  Drone x15  
  158  10:19  Unknown  
  142  10:35  Zergling x22  
  144  10:36  Zergling x10  
  151  10:44  Ravager x8  
  151  10:47  Roach x2  
  151  10:48  Roach  
  165  11:04  Overlord x6  
  163  11:10  Roach  
  165  11:17  Unknown  
  163  11:23  Unknown  
  155  11:36  Unknown  
  171  11:49  Unknown  
Show
View Real Time Build Order
Export as new Build Order

A.I. 1 (Harder) Zerg 

Build Orders: Pool First 

Get SALT Encoding   

  12  0:00  Drone  
  13  0:12  Overlord  
  13  0:16  Drone  
  14  0:31  Drone x2  
  16  0:42  Spawning Pool  
  15  0:45  Drone  
  15  0:48  Drone  
  17  0:52  Extractor  
  17  0:56  Drone  
  17  1:06  Overlord  
  17  1:30  Queen  
  17  1:31  Zergling x2  
  20  1:38  Roach Warren, Drone  
  20  1:41  Zergling x2  
  20  1:44  Extractor  
  20  1:49  Drone  
  21  2:00  Drone  
  22  2:10  Overlord  
  22  2:21  Drone  
  23  2:32  Roach  
  25  2:37  Drone  
  25  2:42  Roach  
  25  2:43  Overlord  
  28  2:52  Roach  
  30  3:02  Roach  
  32  3:08  Overlord  
  32  3:12  Roach  
  34  3:16  Drone  
  35  3:20  Drone  
  35  3:22  Roach  
  38  3:32  Drone, Ravager x4  
  38  3:33  Baneling Nest  
  42  3:41  Roach  
  44  3:50  Overlord  
  44  3:51  Roach  
  46  4:01  Roach  
  48  4:03  Drone  
  49  4:12  Roach, Drone  
  49  4:13  Evolution Chamber  
  49  4:15  Drone  
  52  4:23  Drone  
  53  4:34  Drone  
  54  4:44  Overlord, Roach  
  56  6:05  Lair, Zerg Melee Weapons Level 1  
  56  6:09  Spore Crawler  
  56  6:10  Overlord, Roach  
  57  6:13  Drone, Hatchery  
  57  6:17  Roach  
  59  6:24  Roach  
  61  6:38  Overlord  
  61  6:39  Spore Crawler  
  59  6:41  Drone  
  59  6:43  Zergling x2  
  51  6:51  Roach  
  49  6:59  Roach  
  38  7:03  Burrow  
  38  7:05  Hydralisk Den  
  38  7:06  Roach  
  39  7:13  Roach  
  41  7:20  Roach  
  43  7:26  Drone x3  
  43  7:27  Roach  
  48  7:31  Drone x2, Extractor  
  48  7:35  Drone, Hydralisk  
  48  7:36  Extractor  
  51  7:46  Drone  
  51  7:47  Drone  
  53  7:54  Drone, Hydralisk  
  53  7:56  Overseer, Drone  
  57  7:59  Drone, Zerg Ground Armor Level 1  
  57  8:01  Drone  
  59  8:07  Drone  
  59  8:09  Drone  
  61  8:16  Overseer  
  61  8:18  Drone  
  62  8:20  Drone  
  62  8:25  Spine Crawler, Hydralisk  
  62  8:26  Drone x2  
  66  8:29  Drone  
  66  8:31  Drone  
  68  8:38  Spine Crawler  
  68  8:39  Drone  
  68  8:42  Drone  
  68  8:46  Spore Crawler  
  68  8:50  Drone  
  68  8:51  Spore Crawler  
  68  8:53  Drone  
  69  8:57  Hydralisk  
  69  8:58  Drone x2  
  69  9:01  Drone  
  74  9:03  Queen  
  74  9:04  Hydralisk  
  78  9:11  Overlord  
  78  9:15  Spine Crawler, Roach  
  79  9:17  Spine Crawler  
  79  9:22  Drone  
  79  9:23  Queen  
  81  9:26  Hydralisk  
  81  9:30  Infestation Pit  
  81  9:31  Drone  
  83  9:38  Spire  
  83  9:43  Drone, Evolution Chamber  
  82  9:54  Zerg Missile Weapons Level 1  
  82  10:07  Hydralisk  
  82  10:12  Roach x2  
  82  10:17  Swarm Host, Pneumatized Carapace  
  82  10:18  Overlord  
  84  10:22  Overseer, Roach  
  84  10:23  Overseer, Roach  
  84  10:26  Roach  
  84  10:27  Hatchery  
  81  10:30  Swarm Host  
  81  10:34  Roach  
  81  10:35  Zergling x2  
  69  10:38  Hydralisk  
  69  10:42  Hydralisk  
  58  10:47  Roach  
  58  10:48  Hydralisk  
  58  10:53  Roach  
  58  10:54  Hydralisk  
  44  11:14  Drone x4  
  39  11:24  Drone x2  
  20  11:33  Drone x4  
  20  11:34  Drone x4  
  18  11:41  Hatchery  
Tags
 
Add a new tag
Caveats
  • Supply blocks, unpowered buildings, or Contaminate may cause inaccurate times.
  • Supply counts are checked every 10 seconds.